 Dungeon Crawl Stone Soup version 0.24.0-37-gcf1ca852f1 (webtiles) character file.

Game seed: 3599032626323401934, levelgen mode: deterministic

1141 PentaManta the Slasher (level 8, -6/61 HPs)
             Began as a Formicid Fighter on Dec 6, 2019.
             Killed by nerve-wracking pain
             ... invoked by an orc priest
              (13 damage)
             ... on level 5 of the Dungeon.
             The game lasted 00:10:00 (4824 turns).

PentaManta the Slasher (Formicid Fighter)           Turns: 4824, Time: 00:10:01

Health: -6/61      AC: 10    Str: 24    XL:     8   Next: 64%
Magic:  8/8        EV: 10    Int:  9    God:
Gold:   218        SH: 12    Dex: 10    Spells: 7/7 levels left

rFire    . . .     SeeInvis +   a - +0 long sword
rCold    . . .     Gourm    .   F - +2 shield of Ganaodd {MR- Int+2 Stlth+}
rNeg     . . .     Faith    .   b - +0 scale mail
rPois    .         Spirit   .   (helmet unavailable)
rElec    .         Reflect  .   j - +0 cloak
rCorr    .         Harm     .   (no gloves)
MR       .....                  r - +0 pair of boots
Stlth    +.........             s - amulet of regeneration
HPRegen  0.60/turn              (no ring)
MPRegen  0.11/turn              (no ring)

@: no status effects
A: permanent stasis, dig shafts and tunnels, four strong arms, antennae 3
a: Dig, Shaft Self


You were on level 5 of the Dungeon.
You were very hungry.

You visited 2 branches of the dungeon, and saw 7 of its levels.

You collected 474 gold pieces.
You spent 256 gold pieces at shops.

Inventory:

Hand Weapons
 a - a +0 long sword (weapon)
 n - a +0 dagger of venom
Missiles
 C - 6 curare-tipped darts (quivered)
Armour
 b - a +0 scale mail (worn)
 j - a +0 cloak (worn)
 r - a +0 pair of boots (worn)
 F - the +2 shield of Ganaodd (worn) {MR- Int+2 Stlth+}
   (You bought it in a shop on level 4 of the Dungeon)

   It affects your intelligence (+2).
   It affects your resistance to hostile enchantments.
   It makes you more stealthy.
Jewellery
 s - an amulet of regeneration (around neck)
Wands
 y - a wand of polymorph (11)
 B - a wand of flame (2)
Scrolls
 i - 10 scrolls of identify {unknown}
 l - 4 scrolls of remove curse {unknown}
 m - a scroll of amnesia {unknown}
 q - a scroll of noise {unknown}
 t - 4 scrolls of teleportation {unknown}
 u - 2 scrolls of fog {unknown}
 v - 2 scrolls of immolation {unknown}
 A - a scroll of fear {unknown}
 D - a scroll of random uselessness {unknown}
Potions
 d - 2 potions of might
 e - 2 potions of lignification {unknown}
 g - a potion of agility {unknown}
 h - a potion of experience {unknown}
 k - a potion of magic {unknown}
 o - 2 potions of heal wounds {unknown}
 p - a potion of cancellation {unknown}
 w - a potion of invisibility {unknown}
 x - a potion of curing {unknown}
 z - a potion of brilliance {unknown}
 E - a potion of mutation {unknown}
Comestibles
 f - 19 rations


   Skills:
 + Level 4.9 Fighting
 * Level 6.1 Long Blades
 + Level 5.5 Armour
 + Level 3.3 Dodging
 + Level 5.9 Shields


You had 7 spell levels left.
You didn't know any spells.
Your spell library was empty.

Dungeon Overview and Level Annotations

Branches:
Dungeon (6/15)             Temple (1/1) D:4

Altars:
Dithmenos
Elyvilon
Fedhas
Gozag
Hepliaklqana
Makhleb
Nemelex Xobeh
Okawaru
Qazlal
Ru
Trog
Wu Jian
Xom
Yredelemnul
Zin
The Shining One
Jiyva

Shops:
D:4 ?[


Innate Abilities, Weirdness & Mutations

You cannot be hasted, slowed, berserked, paralysed or teleported.
You can dig through walls and to a lower floor.
Your four strong arms can wield two-handed weapons with a shield.
You have a pair of large antennae on your head. (SInv)


Message History

You block the orc's attack. x2
You closely miss the orc priest.
The orc priest is heavily wounded.
You block the orc's attack. The orc priest barely misses you.
The orc barely misses you. x2; You riposte.
You hit the orc.
The orc is moderately wounded.
The orc priest barely misses you.
You closely miss the orc priest.
The orc priest is heavily wounded.
You block the orc's attack. x2; The orc hits you but does no damage.
The orc priest calls down the wrath of Beogh upon you.
Pain shoots through your body!
* * * LOW HITPOINT WARNING * * *
You hit the orc priest.
The orc priest is severely wounded.
The orc barely misses you.
You riposte.
You hit the orc.
The orc is heavily wounded.
The orc priest calls down the wrath of Beogh upon you.
Pain shoots through your body!
You die...

#........##
#.........##
#(.........
#.........
#........#..#
#........# ..#
#...ooo.# ..##
#..o@.### #..##
#..!....###...##
##..###...##...##
### ###.......##
###......#
###....####
###...##. ###...#
#.###


You could see an orc priest and 3 orcs.

Vanquished Creatures
  Edmund (D:5)
  A black bear (D:5)
  2 ogres
  A centaur (D:5)
  Blork the orc (D:4)
  3 scorpions
  A howler monkey (D:5)
  A crimson imp (D:5)
  A bullfrog zombie (D:5)
  A centaur skeleton (D:4)
  A gnoll shaman (D:5)
  An iguana (D:5)
  Natasha (twice) (D:2)
  2 worker ants
  A worker ant zombie (D:6)
  5 gnolls (D:5)
  4 adders
  2 worms (D:2)
  2 dart slugs
  6 leopard geckos
  2 orcs (D:3)
  A ball python (D:3)
  7 giant cockroaches
  8 goblins
  8 hobgoblins
  9 jackals
  7 kobolds
  3 quokkas
  9 bats
  3 frilled lizards
  2 leopard gecko skeletons (D:4)
  5 rats
103 creatures vanquished.

Notes
Turn   | Place    | Note
-------+----------+-------------------------------------------
     0 | D:1      | PentaManta the Formicid Fighter began the quest for the
                  | Orb.
     0 | D:1      | Reached XP level 1. HP: 18/18 MP: 1/1
    76 | D:1      | Reached XP level 2. HP: 18/24 MP: 2/2
   188 | D:1      | Reached XP level 3. HP: 28/29 MP: 3/3
   716 | D:2      | Found a basalt altar of Yredelemnul.
   818 | D:2      | Found a white marble altar of Elyvilon.
   925 | D:2      | Found a blossoming altar of Fedhas.
   999 | D:2      | Reached skill level 1 in Dodging
  1033 | D:2      | Noticed Natasha
  1045 | D:2      | Killed Natasha
  1045 | D:2      | Reached skill level 3 in Long Blades
  1045 | D:2      | Reached XP level 4. HP: 25/35 MP: 4/4
  1203 | D:2      | Found a hazy altar of Hepliaklqana.
  1306 | D:2      | Noticed Natasha
  1315 | D:2      | Killed Natasha
  1315 | D:2      | Reached XP level 5. HP: 27/41 MP: 5/5
  1984 | D:3      | Found an ornate altar of the Wu Jian Council.
  2336 | D:4      | Found Dutodegg's Magic Scroll Shoppe.
  2344 | D:4      | Reached skill level 4 in Long Blades
  2344 | D:4      | Reached XP level 6. HP: 47/47 MP: 6/6
  2464 | D:4      | Found Woduzo's Antique Armour Emporium.
  2569 | D:4      | Noticed an ogre
  2571 | D:4      | Noticed Blork the orc
  2576 | D:4      | Killed an ogre
  2582 | D:4      | You fall into a shaft and drop 2 floors!
  2685 | D:6      | Noticed a black bear
  2691 | D:5      | Entered Level 5 of the Dungeon
  2699 | D:5      | Killed a black bear
  2699 | D:5      | Reached skill level 5 in Shields
  2699 | D:5      | Reached XP level 7. HP: 37/54 MP: 7/7
  2806 | D:5      | Noticed Edmund
  2820 | D:5      | Killed Edmund
  2820 | D:5      | Reached skill level 5 in Long Blades
  3415 | D:4      | Found a staircase to the Ecumenical Temple.
  3677 | D:4      | Killed Blork the orc
  3677 | D:4      | Reached skill level 5 in Armour
  3677 | D:4      | Reached XP level 8. HP: 52/61 MP: 8/8
  3706 | Temple   | Entered the Ecumenical Temple
  4250 | D:5      | Reached skill level 6 in Long Blades
  4538 | D:4      | Bought a distressingly furry shield for 256 gold pieces
  4548 | D:4      | Identified the +2 shield of Ganaodd {MR- Int+2 Stlth+} (You
                  | bought it in a shop on level 4 of the Dungeon)
  4824 | D:5      | Killed from afar by an orc priest

Levels and vault maps discovered:
D:1:      lightli_arrival_boilingwater, layout_loops_cross,
          hangedman_feature_mirror, minmay_pentomino_v2
D:2:      layout_basic, elyvilon_altar_3, nicolae_overflow_hidden_temple,
          yredelemnul_altar_generic, first_ration, uniq_natasha
D:3:      layout_loops_corners, marbit_many_paths
D:4:      layout_layer_cave, minmay_temple_entry_enclosed_plants, serial_shops,
          nicolae_shop_statue_plus, nicolae_shop_window_shopping,
          uniq_blork_the_orc
D:5:      layout_cave_pods, uniq_edmund
D:6:      layout_basic, gammafunk_ghost_nasty_kobolds, uniq_menkaure
Temple:   pf_slime_end_temple

Skill      XL: |  1  2  3  4  5  6  7  8 |
---------------+-------------------------+-----
Shields        | 4 5 |  5.9
Dodging        | 1 2 3 |  3.3
Long Blades    | 3 4 5 6 |  6.1
Armour         | 4 5 |  5.5
Fighting       | 4 |  4.9

Action                   |  1- 3 |  4- 6 |  7- 9 || total
-------------------------+-------+-------+-------++-------
Melee: Long sword        |    88 |   168 |   197 ||   453
 Abil: Shaft Self        |       |     1 |       ||     1
  Eat: Chunk             |       |     6 |     3 ||     9
       Ration            |       |       |     1 ||     1
Armor: Scale mail        |    55 |    76 |    47 ||   178
Dodge: Dodged            |    40 |    55 |    72 ||   167
Block: Shield            |    42 |    96 |   136 ||   274
       Rpst.: Long sword |    13 |    18 |    19 ||    50
